 Dungeon Crawl Stone Soup version 0.30.0-30-g96aa6591b8 (webtiles) character file.

Game seed: 18380561654864874429

179271 ces the Marksspriggan (level 17, -4/99 (101) HPs)
             Began as a Spriggan Hunter on June 27, 2023.
             Was an Initiate of Gozag.
             Slain by a spectral anaconda (7 damage)
             ... on level 1 of the Snake Pit on June 28, 2023.
             The game lasted 02:12:51 (43136 turns).

ces the Marksspriggan (Spriggan Hunter)            Turns: 43136, Time: 02:12:51

HP:   -4/99 (101)   AC:  4    Str: 10    XL:     17   Next: 60%
MP:   18/18         EV: 35    Int: 12    God:    Gozag
Gold: 1195          SH:  0    Dex: 32    Spells: 15/16 levels left

rFire   + . .        a - +7 arbalest (freeze)
rCold   + . .        (shield currently unavailable)
rNeg    + + .        q - +2 robe {rN+}
rPois   +            (helmet restricted)
rElec   .            (no cloak)
rCorr   .            (gloves unavailable)
SInv    +            (boots unavailable)
Will    ++++.        M - amulet of Ezabb {Faith rPois rC+ Str-4}
Stlth   ++++++       h - +6 ring of dexterity
HPRegen 0.36/turn    R - ring "Moike" {Drain rF+ rN+ Will++ Str+6}
MPRegen 0.16/turn

%: faith
@: hasted, lightly drained, very quick
A: very small, no large weapons, unfitting armour, see invisible, speed 3,
antennae 1, agile 1
a: Renounce Religion, Potion Petition, Call Merchant, Bribe Branch


You were on level 1 of the Snake Pit.
You worshipped Gozag.
Gozag was most pleased with you.
You visited 9 branches of the dungeon, and saw 32 of its levels.
You also visited: Ice Cave and Volcano.

You collected 8097 gold pieces.
You spent 4379 gold pieces at shops.
You paid 2523 gold pieces to Gozag.

Inventory:

Hand Weapons
 a - a +7 arbalest of freezing (weapon)
 b - the +4 quick blade of Tiriss {holy, *Corrode rPois Str+5 Stlth+}
   (You bought it in a shop on level 2 of the Orcish Mines)

   Str:       It affects your strength (+5).
   rPois:     It protects you from poison.
   *Corrode:  It may corrode you when you take damage.
   Stlth:     It makes you more stealthy.
 J - a +1 dagger of venom
Missiles
 v - 2 throwing nets
Armour
 q - a +2 robe of positive energy (worn)
 G - a +1 robe of cold resistance
 L - a +0 hat of see invisible
Jewellery
 h - a +6 ring of dexterity (left hand)
 i - a +4 ring of protection
 l - a ring of willpower
 n - a ring of positive energy
 t - a +6 ring of intelligence
 u - a +5 ring of evasion
 x - a ring of willpower
 C - a +6 ring of intelligence
 H - an amulet of the acrobat
 M - the amulet of Ezabb (around neck) {Faith rPois rC+ Str-4}
   (You bought it in a shop on level 2 of the Orcish Mines)

   [amulet of faith]

   It allows you to gain divine favour quickly.
   Str:       It affects your strength (-4).
   rC:        It protects you from cold.
   rPois:     It protects you from poison.
 N - a ring of poison resistance
 O - a +6 ring of strength
 R - the ring "Moike" (right hand) {Drain rF+ rN+ Will++ Str+6}
   (You bought it in a shop on level 1 of the Elven Halls)

   [ring of strength]

   Str:       It affects your strength (+6).
   rF:        It protects you from fire.
   rN:        It protects you from negative energy.
   Drain:     It drains your maximum health when unequipped.
   Will:      It greatly increases your willpower.
 S - a ring of protection from fire
Wands
 d - a wand of polymorph (17)
 p - a wand of flame (38)
 F - a wand of roots (16)
 I - a wand of paralysis (5)
 P - a wand of acid (25)
Scrolls
 e - 7 scrolls of amnesia
 r - 4 scrolls of immolation
 s - 5 scrolls of teleportation
 y - 12 scrolls of identify
 D - 2 scrolls of fog
Potions
 c - a potion of cancellation
 f - 6 potions of might
 g - 8 potions of lignification
 j - 5 potions of brilliance
 k - 9 potions of curing
 m - 4 potions of flight
 o - 2 potions of magic
 w - 2 potions of ambrosia
 z - 6 potions of attraction
 A - 6 potions of haste
 B - a potion of resistance
 E - a potion of heal wounds
 K - a potion of invisibility


   Skills:
 - Level 16.4 Fighting
 - Level 5.1 Short Blades
 - Level 20.4 Ranged Weapons
 + Level 5.6 Armour
 * Level 12.5 Dodging
 - Level 11.9 Stealth
 - Level 5.0 Evocations


You had 15 spell levels left.
You knew the following spells:

 Your Spells              Type           Power      Damage    Failure   Level
a - Slow                  Hex            0%         N/A       32%         1

Your spell library contained the following spells:

 Spells                   Type           Power      Damage    Failure   Level
 Apportation              Tloc           0%         N/A       32%         1
 Necrotise                Necr           0%         1d4       32%         1
 Summon Small Mammal      Summ           0%         N/A       32%         1
 Cigotuvi's Dreadful Rot  Necr/Pois/Air  0%         N/A       45%         2
 Ensorcelled Hibernation  Hex/Ice        0%         N/A       45%         2
 Sublimation of Blood     Necr           0%         N/A       45%         2
 Wereblood                Tmut           0%         N/A       45%         2
 Confusing Touch          Hex            0%         N/A       69%         3
 Gell's Gravitas          Tloc           0%         N/A       69%         3
 Ignite Poison            Fire/Tmut/Pois 0%         N/A       69%         3
 Spider Form              Tmut/Pois      0%         N/A       69%         3
 Teleport Other           Tloc           0%         N/A       69%         3
 Vampiric Draining        Necr           0%         2d6       69%         3
 Anguish                  Hex/Necr       0%         N/A       97%         4
 Petrify                  Tmut/Erth      0%         N/A       97%         4
 Freezing Cloud           Conj/Ice/Air   0%         6-21      100%        5
 Metabolic Englaciation   Hex/Ice        0%         N/A       100%        5
 Dispersal                Tloc           0%         N/A       100%        6
 Statue Form              Tmut/Erth      0%         N/A       100%        6
 Haunt                    Necr/Summ      0%         N/A       100%        7
 Summon Hydra             Summ           0%         N/A       100%        7
 Borgnjor's Revivificati  Necr           0%         N/A       100%        8
 Infestation              Necr           0%         N/A       100%        8
 Necromutation            Tmut/Necr      0%         N/A       100%        8
 Death's Door             Necr           0%         N/A       100%        9
 Animate Dead             Necr           Unusable   N/A       N/A         4

Dungeon Overview and Level Annotations

Branches:
Dungeon (15/15)            Temple (1/1) D:5            Lair (5/5) D:11
 Shoals (2/4) Lair:2        Snake (1/4) Lair:2        Slime (3/5) Lair:5
    Orc (2/2) D:12            Elf (2/3) Orc:2        Depths (1/4) D:15
  IceCv (visited)         Volcano (visited)
 Vaults: D:13-14

Altars:
Ashenzari
Cheibriados
Dithmenos
Elyvilon
Fedhas
Gozag
Hepliaklqana
Kikubaaqudgha
Makhleb
Nemelex Xobeh
Okawaru
Qazlal
Ru
Sif Muna
Trog
Uskayaw
Vehumet
Wu Jian
Xom
Yredelemnul
Zin
The Shining One
Jiyva

Shops:
D:7 :   D:10 ?!   D:12 [(   Orc:1 !   Orc:2 *[?=   Elf:1 =:=

Portals:
Trove: D:14 (give 7 potions of haste)

Annotations:
D:6 1 runed translucent door, jujuben's ghost, novice TrWr


Innate Abilities, Weirdness & Mutations

You are very small and have problems with some larger weapons.
You are too small for most types of armour.
You have supernaturally acute eyesight. (SInv)
You cover ground extremely quickly. (Speed+++)
You have a pair of small antennae on your head.
You are agile. (Dex +4, Str/Int -1)


Message History

The spectral anaconda completely misses you.
The anaconda simulacrum bites you.
* * * LOW HITPOINT WARNING * * *
The anaconda simulacrum freezes you! You resist.
* * * LOW HITPOINT WARNING * * *
The anaconda zombie misses you.
The anaconda simulacrum completely misses you.
The anaconda zombie completely misses you.
The spectral anaconda barely misses you.
The spectral anaconda constricts you.
* * * LOW HITPOINT WARNING * * *
The anaconda simulacrum bites you but does no damage.
The spectral anaconda bites you.
* * * LOW HITPOINT WARNING * * *
You partially resist.
You feel drained.
The anaconda simulacrum completely misses you.
The anaconda zombie completely misses you.
The anaconda zombie closely misses you.
The spectral anaconda closely misses you.
The spectral anaconda constricts you.
* * * LOW HITPOINT WARNING * * *
Okay, then.
You feel much better.
The spectral anaconda barely misses you.
The anaconda simulacrum closely misses you.
The anaconda zombie misses you. The anaconda simulacrum bites you!
* * * LOW HITPOINT WARNING * * *
The anaconda simulacrum freezes you! You resist.
* * * LOW HITPOINT WARNING * * *
The spectral anaconda completely misses you.
The spectral anaconda constricts you.
* * * LOW HITPOINT WARNING * * *
The anaconda zombie barely misses you.
Unknown command.
Okay, then.
You escape the spectral anaconda's grasp.
The spectral anaconda completely misses you.
The spectral anaconda bites you!
You die...
Your body crumbles into a pile of gold.

$ #...## #............# #
#)....~.. #...## ####.........# #
#?.Z.~Z. #....#####.#.........
#....Z.Z #....##.....#######.. #
.~..ZZ. #.......#...## ##.. .##
#.Z..# ##....####..#.#####... ..#
# ≈Z.###.....###..##......#..
....#+ #Z#.....ZZ..[.#...........
##.... #......ZZ@Z..###......#..#
...... #.......ZZ...###.##..#...#
...########............########..
####..............####### #.... #
###...........## #.####.#... ###
##.........#######....####.. ...#
#..#######......##.....# #..
....##...######......#.#....####.
....##..........#......#.....##..


You could see 2 spectral anacondas, 3 anaconda simulacra and 2 anaconda zombies.

Vanquished Creatures
  2 ancient champions (Elf:1)
  3 acid blobs
  Kirke (Orc:2)
  2 rockslimes (Slime:2)
  A deep elf sorcerer (Elf:2)
  A deep elf elementalist (Elf:1)
  2 quicksilver oozes (Slime:1)
  2 orc warlords
  A very ugly thing (Depths:1)
  The ghost of yourlovingmother the Spry, a journeyman KoBr of Uskayaw (Lair:5)
  A spark wasp (Depths:1)
  An eidolon (Elf:1)
  3 deep elf death magi (Elf:1)
  An ettin (Orc:1)
  2 fire dragons
  An ice dragon (D:14)
  6 hydras
  A catoblepas (Lair:3)
  A great orb of eyes (Slime:1)
  2 centaur warriors
  An ogre mage (D:15)
  A vault guard (D:14)
  A rakshasa (Depths:1)
  An alligator snapping turtle (Shoals:1)
  3 naga warriors (Snake:1)
  3 boulder beetles
  2 merfolk avatars
  7 anacondas
  5 dancing weapons
  A vampire mage (Depths:1)
  2 tengu warriors (D:15)
  7 two-headed ogres
  4 deep elf knights
  Nergalle (D:10)
  2 orc high priests
  A naga sharpshooter (Snake:1)
  4 skysharks
  A fire crab (Lair:5)
  6 sea snakes
  3 anaconda zombies (Snake:1)
  2 skeletal warriors (Elf:1)
  3 spectral anacondas (Snake:1)
  2 elf simulacra (Elf:1)
  A glowing orange brain (Slime:1)
  2 naga ritualists
  2 deep elf archers
  4 orc knights (Elf:1)
  A wizard (D:14)
  6 deep elf pyromancers
  A necromancer (Elf:1)
  2 phantasmal warriors (Elf:1)
  5 orc sorcerers (Orc:2)
  12 harpies
  2 lindwurms (Lair:4)
  2 anaconda skeletons (Snake:1)
  2 mana vipers (Snake:1)
  8 deep elf zephyrmancers
  5 cyclopes
  A faun (Shoals:1)
  A salamander (Snake:1)
  4 manticores
  14 ugly things
  4 merfolk sirens (Shoals:1)
  9 elephants
  2 molten gargoyles (Lair:5)
  3 water nymphs
  A naga mage (Snake:1)
  A guardian serpent (Lair:2)
  16 black mambas
  Maurice (Orc:2)
  A torpor snail (Lair:5)
  An ice statue (D:14)
  A spectral elf (Elf:1)
  An eye of devastation (Slime:1)
  11 cane toads
  2 unseen horrors (D:12)
  3 rime drakes
  8 komodo dragons
  2 kobold demonologists
  A yaktaur (shapeshifter) (D:14)
  An anaconda simulacrum (Snake:1)
  3 trolls
  7 merfolk
  3 wind drakes (Shoals:1)
  A wolf spider simulacrum (D:14)
  2 hornets
  8 polar bears
  A tarantella (Lair:4)
  10 dream sheep
  A snapping turtle (Shoals:1)
  11 blink frogs
  Sigmund (D:4)
  31 slime creatures
  A flying skull (Elf:1)
  3 jumping spiders (Lair:4)
  3 shadows
  6 wyverns
  5 water elementals
  A hog (Orc:2)
  5 wraiths
  24 yaks
  3 large abominations (Elf:1)
  2 fire bats (Volcano)
  3 basilisks (Lair:5)
  2 fire elementals
  12 golden eyes
  6 steam dragons
  5 vampire mosquitoes
  2 wargs (Orc:2)
  A redback (Lair:4)
  6 nagas
  4 acid dragons
  Edmund (D:4)
  6 hell hounds
  11 water moccasins
  Duvessa (D:7)
  23 orc warriors
  2 black bears
  2 ice beasts
  11 wolves
  9 ogres
  4 centaurs
  2 phantoms
  4 elf zombies (Elf:1)
  Blork the orc (D:4)
  7 kobold brigands
  11 bullfrogs
  A gnoll sergeant (D:10)
  2 earth elementals
  3 scorpions
  Dowan (D:7)
  3 wights (D:9)
  14 killer bees
  An electric eel (Lair:4)
  2 howler monkeys (D:7)
  7 lava snakes
  2 jellies
  24 orc priests
  3 hounds
  A sleepcap (D:5)
  2 gnoll boudas
  Natasha (thrice) (D:3)
  2 iguanas
  31 orc wizards
  4 hell rats (Lair:5)
  15 gnolls
  4 adders
  4 shadow imps
  2 white imps
  An ufetubus (D:6)
  2 worms
  3 dart slugs
  58 orcs
  11 ball pythons
  6 endoplasms
  2 giant cockroaches
  13 goblins
  12 hobgoblins
  9 jackals
  43 kobolds
  4 quokkas
  2 bats (D:1)
  4 frilled lizards
  4 rats
815 creatures vanquished.

Vanquished Creatures (others)
  2 humans (Elf:1)
  A lost soul (Elf:1)
3 creatures vanquished.

Grand Total: 818 creatures vanquished

Notes
Turn   | Place    | Note
-------+----------+-------------------------------------------
     0 | D:1      | ces the Spriggan Hunter began the quest for the Orb.
     0 | D:1      | Reached XP level 1. HP: 10/10 MP: 2/2
   101 | D:1      | Reached XP level 2. HP: 14/14 MP: 3/3
   361 | D:1      | Found a faded altar of an unknown god.
   410 | D:1      | Reached skill level 5 in Ranged Weapons
   412 | D:1      | Reached XP level 3. HP: 18/18 MP: 4/4
   883 | D:2      | Reached XP level 4. HP: 22/22 MP: 5/5
  1116 | D:2      | Reached skill level 9 in Ranged Weapons
  1116 | D:2      | Reached XP level 5. HP: 30/30 MP: 6/6
  1119 | D:2      | Gained mutation: You occasionally lose the ability to drink
                  | potions when taking damage. [potion of mutation]
  1119 | D:2      | Gained mutation: You sometimes lose your temper in combat.
                  | [potion of mutation]
  1288 | D:3      | Noticed Natasha
  1291 | D:3      | Killed Natasha
  1813 | D:3      | Noticed Natasha
  1821 | D:3      | Killed Natasha
  2015 | D:3      | Noticed Natasha
  2021 | D:3      | Killed Natasha
  2022 | D:3      | Reached XP level 6. HP: 27/34 MP: 7/7
  2289 | D:4      | Found a stormy altar of Qazlal.
  2343 | D:4      | Noticed a water moccasin
  2364 | D:4      | Killed a water moccasin
  2370 | D:4      | Noticed an ice beast
  2421 | D:4      | Noticed Blork the orc
  2735 | D:4      | Reached skill level 10 in Ranged Weapons
  2735 | D:4      | Reached XP level 7. HP: 38/38 MP: 8/8
  3114 | D:5      | Entered Level 5 of the Dungeon
  3120 | D:5      | Found a staircase to the Ecumenical Temple.
  3135 | Temple   | Entered the Ecumenical Temple
  4051 | D:6      | Found a runed translucent door.
  4052 | D:6      | Noticed jujuben's ghost (novice TrWr)
  4080 | D:6      | Reached XP level 8. HP: 42/42 MP: 9/9
  4127 | D:6      | Reached skill level 11 in Ranged Weapons
  5386 | D:7      | Noticed a walking earthen tome
  5386 | D:7      | Found Tyhih's Book Emporium.
  5558 | D:7      | Noticed a walking divine tome
  5652 | D:7      | Reached skill level 5 in Fighting
  5652 | D:7      | Reached XP level 9. HP: 43/47 MP: 10/10
  5761 | D:7      | Reached skill level 12 in Ranged Weapons
  5958 | D:7      | Noticed Duvessa
  5960 | D:7      | Killed Duvessa
  5962 | D:7      | Noticed Dowan
  5963 | D:7      | Killed Dowan
  6673 | D:8      | Lost mutation: You occasionally lose the ability to drink
                  | potions when taking damage. [potion of mutation]
  6673 | D:8      | Lost mutation: You sometimes lose your temper in combat.
                  | [potion of mutation]
  6673 | D:8      | Gained mutation: Your system is resistant to poisons.
                  | (rPois) [potion of mutation]
  6673 | D:8      | Gained mutation: Your muscles are strong. (Str +4, Int/Dex
                  | -1) [potion of mutation]
  6981 | D:9      | Reached skill level 13 in Ranged Weapons
  7112 | D:9      | Reached XP level 10. HP: 51/51 MP: 11/11
  7406 | D:9      | Found an opulent altar of Gozag.
  7527 | D:9      | Became a worshipper of Gozag Ym Sagoz the Greedy
  7669 | D:9      | Found a radiant altar of Vehumet.
  7669 | D:9      | Found a glowing silver altar of Zin.
  7677 | D:9      | Found a broken altar of Ashenzari.
  7679 | D:9      | Found an iron altar of Okawaru.
  7681 | D:9      | Found a faded altar of an unknown god.
  7810 | D:10     | Entered Level 10 of the Dungeon
  7869 | D:10     | Noticed a centaur warrior
  7878 | D:10     | Killed a centaur warrior
  7879 | D:10     | Reached skill level 14 in Ranged Weapons
  7949 | D:10     | Noticed Nergalle
  7974 | D:10     | Killed Nergalle
  8184 | D:10     | Noticed a two-headed ogre
  8197 | D:10     | Killed a two-headed ogre
  8403 | D:10     | Found Retuam's Distillery.
  8466 | D:10     | Found a sacrificial altar of Ru.
  8766 | D:10     | Reached XP level 11. HP: 48/58 MP: 12/12
  9113 | D:10     | Found Luireq's Magic Scroll Shop.
  9116 | D:10     | Bought a scroll of teleportation for 30 gold pieces
  9116 | D:10     | Bought a scroll of teleportation for 30 gold pieces
  9116 | D:10     | Bought a scroll of identify for 20 gold pieces
  9116 | D:10     | Bought a scroll of enchant weapon for 75 gold pieces
  9116 | D:10     | Bought a scroll of teleportation for 30 gold pieces
  9140 | D:11     | Noticed a two-headed ogre
  9143 | D:11     | Killed a two-headed ogre
  9464 | D:11     | Reached skill level 15 in Ranged Weapons
  9584 | D:11     | Noticed a boulder beetle
  9764 | D:11     | Killed a boulder beetle
  9982 | D:11     | Found a staircase to the Lair.
 10564 | D:12     | Found Cuuximut's Armour Boutique.
 10578 | D:12     | Found a staircase to the Orcish Mines.
 10644 | D:12     | Noticed a boulder beetle
 10648 | D:12     | Killed a boulder beetle
 10873 | D:12     | Found Miynuuj's Antique Weapon Emporium.
 10890 | D:12     | Noticed a deep elf pyromancer
 11215 | D:13     | Noticed a red ugly thing
 11217 | D:13     | Noticed a +6 long sword
 11273 | Lair:1   | Entered Level 1 of the Lair of Beasts
 11310 | Orc:1    | Entered Level 1 of the Orcish Mines
 11508 | Orc:2    | Entered Level 2 of the Orcish Mines
 11508 | Orc:2    | Found a staircase to the Elven Halls.
 11804 | Orc:2    | Noticed an orc sorcerer
 11823 | Orc:2    | Killed an orc sorcerer
 11907 | Orc:2    | Noticed an orc sorcerer
 11924 | Orc:2    | Reached skill level 16 in Ranged Weapons
 11924 | Orc:2    | Noticed a soul eater
 11928 | Orc:2    | Killed an orc sorcerer
 11931 | Orc:2    | Noticed Maurice
 12044 | Orc:2    | Noticed an orc sorcerer
 12063 | Orc:2    | Killed an orc sorcerer
 12064 | Orc:2    | Reached XP level 12. HP: 65/65 MP: 13/13
 12093 | Orc:2    | Killed Maurice
 12127 | Orc:2    | Noticed an orc high priest
 12169 | Orc:2    | Found Hamaq's Jewellery Shop.
 12169 | Orc:2    | Found Vomyob's Antique Armour Boutique.
 12172 | Orc:2    | Found Hucs's Assorted Antiques.
 12209 | Orc:1    | Noticed an ettin
 12463 | Orc:1    | You fall into a shaft and drop 1 floor!
 12517 | Orc:2    | Killed an orc high priest
 12707 | Orc:2    | Noticed an orc warlord
 12833 | Orc:1    | Found Tefrojy's Distillery.
 12842 | Orc:1    | Bought a potion of invisibility for 80 gold pieces
 12842 | Orc:1    | Bought a potion of invisibility for 80 gold pieces
 13434 | Orc:2    | Found Arinual's Magic Scroll Shop.
 13438 | Orc:2    | Bought a scroll of teleportation for 42 gold pieces
 13438 | Orc:2    | Bought a scroll of blinking for 105 gold pieces
 13438 | Orc:2    | Bought a scroll of blinking for 105 gold pieces
 13438 | Orc:2    | Bought a scroll of identify for 28 gold pieces
 13438 | Orc:2    | Bought a scroll of enchant weapon for 105 gold pieces
 13439 | Orc:2    | Bought a scroll of enchant weapon for 105 gold pieces
 13441 | Orc:2    | Bought a potion of mutation for 288 gold pieces
 13441 | Orc:2    | Bought a crystal quick blade for 720 gold pieces
 13441 | Orc:2    | Identified the +4 quick blade of Tiriss {holy, *Corrode
                  | rPois Str+5 Stlth+} (You bought it in a shop on level 2 of
                  | the Orcish Mines)
 13443 | Orc:2    | Lost mutation: Your system is resistant to poisons. (rPois)
                  | [potion of mutation]
 13443 | Orc:2    | Lost mutation: Your muscles are strong. (Str +4, Int/Dex
                  | -1) [potion of mutation]
 13443 | Orc:2    | Gained mutation: Armour fits poorly on your strangely
                  | shaped body. [potion of mutation]
 13443 | Orc:2    | Gained mutation: You have a pair of small antennae on your
                  | head. [potion of mutation]
 13443 | Orc:2    | Gained mutation: You occasionally shout uncontrollably at
                  | your foes. [potion of mutation]
 14165 | Lair:1   | Reached skill level 17 in Ranged Weapons
 15148 | D:4      | Noticed Edmund
 15151 | D:4      | Noticed Sigmund
 15159 | D:4      | Killed Edmund
 15162 | D:4      | Killed Blork the orc
 15166 | D:4      | Killed Sigmund
 15551 | Lair:2   | Found a dark tunnel.
 15594 | Lair:2   | Reached skill level 10 in Fighting
 15599 | Lair:2   | Found a staircase to the Shoals.
 15823 | Volcano  | Entered a volcano
 15852 | Volcano  | Noticed a fire dragon
 16599 | Lair:2   | Learned a level 1 spell: Slow
 16688 | Lair:2   | Reached XP level 13. HP: 72/72 MP: 14/14
 16695 | Lair:2   | Found a staircase to the Snake Pit.
 17226 | Snake:1  | Entered Level 1 of the Snake Pit
 17560 | Shoals:1 | Entered Level 1 of the Shoals
 18276 | D:12     | Killed an orc warlord
 18367 | Orc:1    | Killed an ettin
 18668 | Elf:1    | Entered Level 1 of the Elven Halls
 18823 | Elf:1    | Noticed Kirke
 19379 | D:14     | Found a hide-covered altar of Uskayaw.
 19403 | D:14     | Reached skill level 5 in Short Blades
 19403 | D:14     | Reached skill level 18 in Ranged Weapons
 19677 | D:14     | Found a frozen archway.
 19703 | IceCv    | Entered an ice cave
 19838 | IceCv    | Reached skill level 1 in Evocations
 20339 | D:14     | Noticed a fire dragon
 20897 | D:14     | Found a portal to a secret trove of treasure.
 21169 | D:15     | Entered Level 15 of the Dungeon
 21483 | D:15     | Reached skill level 19 in Ranged Weapons
 21593 | D:15     | Reached skill level 1 in Armour
 21593 | D:15     | Reached XP level 14. HP: 79/79 MP: 15/15
 22845 | Orc:2    | Bought a potion of heal wounds for 180 gold pieces
 22845 | Orc:2    | Bought a potion of curing for 108 gold pieces
 22845 | Orc:2    | Bought a blackened malachite amulet for 180 gold pieces
 23253 | D:15     | Found a staircase to the Depths.
 23952 | Depths:1 | Entered Level 1 of the Depths
 23964 | Depths:1 | Found a radiant altar of Vehumet.
 24063 | Depths:1 | Noticed a cyan very ugly thing
 24067 | Depths:1 | Noticed a cyan very ugly thing
 24104 | Depths:1 | Killed a cyan very ugly thing
 24121 | Depths:1 | Noticed a fire giant
 24140 | Depths:1 | Noticed a fire giant
 24710 | Lair:3   | Reached skill level 5 in Evocations
 24710 | Lair:3   | Reached XP level 15. HP: 83/83 MP: 16/16
 26082 | Lair:4   | Reached skill level 10 in Dodging
 26617 | Lair:4   | Found a runed translucent door.
 26695 | Lair:4   | Found a runed translucent gate.
 26700 | Lair:4   | Found a runed translucent gate.
 26701 | Lair:4   | Found a runed translucent gate.
 26701 | Lair:4   | Found a runed translucent gate.
 26701 | Lair:4   | Found a runed translucent gate.
 26710 | Lair:4   | Found a runed translucent gate.
 26851 | Lair:5   | Entered Level 5 of the Lair of Beasts
 27078 | Lair:5   | Found a staircase to the Slime Pits.
 27078 | Lair:5   | Found a viscous altar of Jiyva.
 27412 | Lair:5   | Found a runed translucent door.
 27483 | Lair:5   | Noticed yourlovingmother's ghost (journeyman KoBr)
 27948 | Lair:5   | Found a large runed translucent door.
 28467 | Lair:5   | Found a large runed translucent door.
 29003 | Lair:5   | Killed yourlovingmother's ghost
 29909 | Orc:2    | Bought the amulet of Ezabb {Faith rPois rC+ Str-4} for 747
                  | gold pieces
 30527 | Slime:1  | Entered Level 1 of the Pits of Slime
 30554 | Lair:5   | Reached skill level 5 in Armour
 30603 | Lair:5   | Reached XP level 16. HP: 90/90 MP: 17/17
 31560 | Slime:1  | Reached skill level 20 in Ranged Weapons
 32275 | Slime:2  | Noticed an acid blob
 32411 | Slime:1  | Killed an acid blob
 32495 | Slime:2  | You fall into a shaft and drop 1 floor!
 32569 | Slime:3  | Noticed an acid blob
 33841 | Snake:1  | Reached skill level 10 in Stealth
 35536 | Orc:1    | Bought a potion of cancellation for 80 gold pieces
 35536 | Orc:1    | Bought a potion of curing for 30 gold pieces
 35536 | Orc:1    | Bought 2 potions of ambrosia for 160 gold pieces
 36216 | Shoals:1 | Lost mutation: Armour fits poorly on your strangely shaped
                  | body. [potion of mutation]
 36216 | Shoals:1 | Lost mutation: You occasionally shout uncontrollably at
                  | your foes. [potion of mutation]
 36216 | Shoals:1 | Gained mutation: Your flesh is heat resistant. (rF+)
                  | [potion of mutation]
 36216 | Shoals:1 | Lost mutation: Your flesh is heat resistant. (rF+) [potion
                  | of mutation]
 36216 | Shoals:1 | Gained mutation: You are agile. (Dex +4, Str/Int -1)
                  | [potion of mutation]
 38046 | Orc:2    | Killed Kirke
 38047 | Orc:2    | Reached skill level 15 in Fighting
 38147 | Elf:1    | Reached XP level 17. HP: 99/99 MP: 18/18
 38249 | Elf:1    | Found a radiant altar of Vehumet.
 38887 | Elf:1    | Found Fukys's Jewellery Emporium.
 38888 | Elf:1    | Found Kycubbac's Book Boutique.
 38890 | Elf:1    | Found Poemad's Jewellery Emporium.
 38900 | Elf:1    | Bought the ring "Moike" {Drain rF+ rN+ Will++ Str+6} for
                  | 751 gold pieces
 38900 | Elf:1    | Bought a ring of protection from fire for 300 gold pieces
 42121 | Slime:2  | Noticed an acid blob
 42136 | Slime:2  | Killed an acid blob
 42524 | Slime:2  | Noticed an acid blob
 42528 | Slime:2  | Killed an acid blob
 43135 | Snake:1  | HP: 3/99 [constriction (2)]
 43136 | Snake:1  | Slain by a spectral anaconda

Illustrated notes

Levels and vault maps discovered:
D:1:      dpeg_arrival_boxorama, layout_rooms, hellmonk_ecumenical_altar_run_dry
D:2:      layout_loops_ring
D:3:      minmay_evil_eye, layout_loops_corners, serial_rivers,
          chequers_serial_rivers_room_a, chequers_serial_rivers_micro_c,
          chequers_serial_rivers_micro_e, chequers_serial_rivers_micro_c,
          chequers_serial_rivers_room_a, minmay_misc_feat_x, st_stairs_9,
          uniq_natasha
D:4:      wander_river, layout_basic, nicolae_qazlal_general_emergency,
          minivault_23, sigmund_edmund_badplayer, uniq_blork_the_orc
D:5:      cheibrodos_helix_gallery, layout_rooms, minmay_temple_entry_hall,
          uniq_edmund
D:6:      layout_layer_cave, gammafunk_ghost_grave
D:7:      layout_gridville, serial_shops, nicolae_shop_mannequins, minivault_24,
          uniq_duvessa
D:8:      layout_loops_cross, st_stairs_4
D:9:      layout_roguey, grunt_gozag_breadcrumbs,
          chequers_temple_overflow_minitemple
D:10:     layout_loops_ring, lemuel_round_altar, serial_shops,
          nicolae_take_the_stairs, nicolae_shop_rolled_up, roderic_lattice_a,
          serial_park_tiny_1, uniq_nergalle
D:11:     layout_basic, lair_entry_dummy
D:12:     layout_roguey, orc_david_3, serial_shops,
          nicolae_shop_overgrown_old_shop
D:13:     layout_loops_corners, erik_vaults_1, nicolae_ru_sacrificial_ziggurat,
          uniq_josephine
D:14:     layout_roguey, portal_ice_cave_entry_ice_statue_two,
          nicolae_uskayaw_en_pointe, enter_trove_5
D:15:     grunt_enter_depths_hoard, layout_layer_cave,
          minmay_misc_feat_four_crosses
Temple:   hellmonk_temple_of_storms
Lair:1:   layout_cave_pods
Lair:2:   layout_gridlike, nicolae_shoals_entry_flooding,
          nicolae_snake_entry_squirm, nicolae_volcano_entry_two_sided,
          patterned_corridor
Lair:3:   layout_cave_pods
Lair:4:   gammafunk_indiana_jones, layout_long_grid,
          nicolae_quartered_pool_little, chequers_serial_rivers_small_a,
          serial_bayou_shore_b, grunt_megastairs_2
Lair:5:   cheibrodos_lair_end_hotspot, layout_regular_city,
          minmay_slime_entry_pillars, ebering_ghost_reflecting_pool,
          st_stairs_12, chequers_serial_rivers_micro_d,
          chequers_serial_rivers_large_b
Shoals:1: layout_shoals, nicolae_shoals_stone_sculpture_thing
Shoals:2: layout_shoals, hellmonk_ghost_happy_afterlife
Snake:1:  layout_chambers, nicolae_snake_dead_anacondas
Slime:1:  layout_caves
Slime:2:  layout_caves
Slime:3:  layout_caves
Orc:1:    layout_caves, serial_shops, shop
Orc:2:    st_orc_mages, layout_diamond_mine, lemuel_statue_altar, uniq_maurice
Elf:1:    layout_gridlike, basic_altar, special_room [special_room_orc],
          minmay_elf_necromancy, drop_trap, nicolae_elf_deep_mausoleum,
          minmay_shop_grove, grunt_megastairs_4, uniq_kirke
Elf:2:    elven_hall_of_blades_hangedman_alternative
          [nooodl_blade_entry_preview], layout_geoelf_grid, nicolae_elf_v_pinch
Depths:1: layout_honeycomb, enter_ziggurat_d, hellmouth_2, minmay_fountain_box,
          eino_tiny_chamber, vehumet_crystals, serial_bayou_shore_b

Skill      XL: |  1  2  3  4  5  6  7  8  9 10 11 12 13 14 15 16 17 |
---------------+----------------------------------------------------+-----
Ranged Weapons | 5 9 10 11 13 14 16 17 19 20 | 20.4
Fighting       | 4 5 6 8 10 11 12 15 16 | 16.4
Dodging        | 7 8 9 10 11 12 | 12.5
Stealth        | 8 10 11 | 11.9
Short Blades   | 5 |  5.1
Evocations     | 3 5 |  5.0
Armour         | 1 3 5 |  5.6

Action                     |  1- 3 |  4- 6 |  7- 9 | 10-12 | 13-15 | 16-18 || total
---------------------------+-------+-------+-------+-------+-------+-------++-------
  Melee: Dagger            |       |       |     9 |     5 |       |       ||    14
         Quick blade       |       |       |       |     5 |    54 |    23 ||    82
         Punch             |       |       |       |       |     1 |       ||     1
   Fire: Shortbow          |   101 |   128 |   161 |       |       |       ||   390
         Arbalest          |       |       |   114 |   706 |   768 |   706 ||  2294
 Invoke: Potion Petition   |       |       |       |     2 |     2 |     2 ||     6
  Evoke: Wand              |       |       |     4 |       |    12 |       ||    16
    Use: Scroll            |       |     7 |    13 |    18 |     8 |     5 ||    51
         Potion            |       |     2 |     3 |     5 |     6 |     8 ||    24
   Stab: Sleeping          |       |       |     3 |     4 |     6 |    17 ||    30
         Paralysed         |       |       |     1 |       |     5 |       ||     6
         Invisible         |       |       |       |       |     3 |       ||     3
 Armour: Robe              |     5 |     1 |       |    18 |    10 |    15 ||    49
  Dodge: Dodged            |    33 |    22 |    70 |   377 |   263 |   519 ||  1284
